 Dungeon Crawl Stone Soup version 0.28.0-53-g5a82cb258f (webtiles) character file.

Game seed: 13091394288457977357

3396 ILmort the Geomancer (level 10, 0/65 HPs)
             Began as a Gargoyle Earth Elementalist on Aug 3, 2022.
             Was a Believer of the Shining One.
             Killed from afar by Harold (5 damage)
             ... with a harpoon shot
             ... on level 7 of the Dungeon.
             The game lasted 00:57:25 (9201 turns).

ILmort the Geomancer (Gargoyle Earth Elementalist)  Turns: 9201, Time: 00:57:26

Health: 0/65       AC: 13    Str: 19    XL:     10   Next: 4%
Magic:  10/21      EV: 12    Int: 19    God:    the Shining One [**....]
Gold:   323        SH:  0    Dex: 10    Spells: 16/24 levels left

rFire   . . .      SeeInvis .   m - +2 hand axe (venom)
rCold   + . .      Faith    .   (no shield)
rNeg    + + .      Spirit   .   p - +0 steam dragon scales
rPois   ∞          Reflect  .   (no helmet)
rElec   +          Harm     .   (no cloak)
rCorr   .          Rampage  .   (no gloves)
Will    .....                   e - +0 pair of boots
Stlth   +.........              (no amulet)
HPRegen 0.20/turn               k - ring of protection from cold
MPRegen 0.17/turn               v - +6 ring of strength

@: marked, glowing
A: sickness immunity, AC +7, negative energy resistance 1, electricity
resistance, torment resistance 1, petrification resistance
a: Renounce Religion, Divine Shield


You were on level 7 of the Dungeon.
You worshipped the Shining One.
The Shining One was pleased with you.
You visited 2 branches of the dungeon, and saw 8 of its levels.

You collected 323 gold pieces.

Inventory:

Hand Weapons
 m - a +2 hand axe of venom (weapon)
Missiles
 c - 191 stones
 f - 2 atropa-tipped darts
 g - 11 boomerangs
Armour
 e - a +0 pair of boots (worn)
 p - +0 steam dragon scales (worn)
 x - a +0 helmet
Jewellery
 k - a ring of protection from cold (left hand)
 v - a +6 ring of strength (right hand)
Wands
 n - a wand of digging (5)
 q - a wand of polymorph (10)
Scrolls
 a - a scroll of torment
 b - a scroll of magic mapping {unknown}
 r - 3 scrolls of identify
 s - a scroll of blinking
 t - 2 scrolls of teleportation {unknown}
 w - a scroll of enchant armour {unknown}
Potions
 d - a potion of heal wounds {unknown}
 h - a potion of attraction {unknown}
 i - 2 potions of resistance {unknown}
 j - 2 potions of ambrosia
 l - a potion of flight {unknown}
 o - 2 potions of mutation {unknown}
 u - a potion of berserk rage {unknown}


   Skills:
 + Level 8.6 Fighting
 - Level 1.6 Dodging
 - Level 2.3 Stealth
 + Level 7.6 Spellcasting
 - Level 0.9 Transmutations
 + Level 10.3 Earth Magic


You had 16 spell levels left.
You knew the following spells:

 Your Spells              Type           Power      Damage    Failure   Level
a - Sandblast             Erth           92%        2d19      1%          1
b - Stone Arrow           Conj/Erth      52%        3d10      3%          3
c - Petrify               Tmut/Erth      28%        N/A       10%         4

Your spell library contained the following spells:

 Spells                   Type           Power      Damage    Failure   Level
 Passwall                 Tmut/Erth      23%        N/A       1%          2
 Animate Skeleton         Necr           14%        N/A       10%         1
 Pain                     Necr           28%        1d5       10%         1
 Ignite Poison            Fire/Tmut/Pois 8%         N/A       26%         3
 Conjure Flame            Conj/Fire      7%         6-21      28%         3
 Vampiric Draining        Necr           7%         2d6       28%         3
 Sticky Flame             Conj/Fire      7%         2d3       67%         4


Dungeon Overview and Level Annotations

Branches:
Dungeon (7/15)             Temple (1/1) D:6

Altars:
Ashenzari
Cheibriados
Dithmenos
Elyvilon
Fedhas
Gozag
Hepliaklqana
Kikubaaqudgha
Makhleb
Nemelex Xobeh
Okawaru
Qazlal
Ru
Sif Muna
Trog
Uskayaw
Vehumet
Wu Jian
Yredelemnul
Zin
The Shining One

Shops:
D:3 [

Annotations:
D:7 Harold


Innate Abilities, Weirdness & Mutations

You are immune to sickness and miasma.
Your stone body is resilient. (AC +7)
You are immune to poison.
You resist negative energy. (rN+)
You are resistant to electric shocks. (rElec)
You are resistant to unholy torment.
You are immune to petrification.


Message History

Aim: Harold, wielding a +0 battleaxe, wearing a +0 chain mail, quivering 2 throwing nets and carrying a wand of charming (14) (chance to affect: 25%) Harold resists with almost no effort.
Casting: Petrify (dangerous; 10% risk of failure)
Confirm with . or Enter, or press ? or * to list all spells.
Aiming: Stone Arrow (dangerous; 3% risk of failure)
Press: ? - help, Shift-Dir - straight line, f/p - Harold
Aim: Harold, wielding a +0 battleaxe, wearing a +0 chain mail, quivering 2 throwing nets and carrying a wand of charming (14) (haloed, 91% to hit)
The stone arrow hits Harold!!
Harold is moderately wounded.
You struggle against the net.
Harold hits you with a +0 battleaxe.
You struggle against the net.
Harold hits you with a +0 battleaxe!
You struggle against the net.
Harold barely misses you.
You rip the net and break free!
Harold hits you with a +0 battleaxe!
You hit Harold.
Harold is poisoned.
Harold is moderately wounded.
Harold zaps a wand.
You easily resist.
You hit Harold but do no damage.
Harold looks as sick as possible!
Harold is moderately wounded.
Harold zaps a wand.
Your will is overpowered!
You are confused.
Harold barely misses you.
Your magical contamination has completely faded away.
Harold hits you with a +0 battleaxe!!
* * * LOW HITPOINT WARNING * * *
You are too confused!
Harold throws a throwing net.
The throwing net barely misses you.
You're too confused to cast spells.
You feel less confused.
Harold points at you and mumbles some strange words.
A sentinel's mark forms upon you.
Casting: Stone Arrow (dangerous; 3% risk of failure)
Confirm with . or Enter, or press ? or * to list all spells.
Aiming: Stone Arrow (dangerous; 3% risk of failure)
Press: ? - help, Shift-Dir - straight line, f/p - Harold
Aim: Harold, wielding a +0 battleaxe, wearing a +0 chain mail, quivering a throwing net and carrying a wand of charming (12) (heavily wounded, very poisoned, 86% to hit)
The stone arrow hits Harold!
Harold is severely wounded.
Harold fires a harpoon shot at you. The harpoon shot hits you.
You die...

...... ##.......
########## #........
......(..#####......#
#..........#$.....#
#..........#......#
#....@..@..#......#
#.....#.............#
#....
#...........#####
#...
#................ ...
+.....>......###. ##
#............#
####.....###....
##..### #### #..#


You could see Harold (very poisoned).

Vanquished Creatures
  Grinder (D:4)
  The ghost of kalagan the Conjurer, an amateur DECj (D:4)
  2 steam dragons (D:5)
  A water moccasin (D:6)
  A black bear (D:6)
  An orc warrior (D:7)
  An ice beast (D:6)
  3 ogres
  A necrophage (D:6)
  3 centaurs
  3 phantoms
  2 bullfrogs (D:7)
  A wyvern zombie (D:5)
  3 scorpions
  3 killer bees (D:6)
  A howler monkey (D:4)
  2 bullfrog zombies
  A centaur skeleton (D:3)
  7 hounds
  4 jellies
  5 orc priests
  2 bullfrog skeletons
  An iguana (D:4)
  5 orc wizards
  A hound skeleton (D:4)
  9 gnolls
  2 howler monkey skeletons (D:6)
  5 adders
  2 white imps (D:6)
  An adder skeleton (D:4)
  2 worms
  2 dart slugs
  20 orcs
  2 endoplasms (D:2)
  2 giant cockroaches (D:1)
  13 goblins
  9 hobgoblins
  4 jackals
  A quokka (D:2)
  7 ball pythons
  10 bats
  10 kobolds
  A quokka skeleton (D:4)
  A rat (D:1)
159 creatures vanquished.

Vanquished Creatures (others)
  A fungus (D:5)
1 creature vanquished.

Grand Total: 160 creatures vanquished

Notes
Turn   | Place    | Note
-------+----------+-------------------------------------------
     0 | D:1      | ILmort the Gargoyle Earth Elementalist began the quest for
                  | the Orb.
     0 | D:1      | Reached XP level 1. HP: 10/10 MP: 3/3
   140 | D:1      | Reached XP level 2. HP: 10/15 MP: 5/5
   582 | D:1      | Found a faded altar of an unknown god.
   592 | D:1      | Prayed at the altar of an unknown god.
   592 | D:1      | Became a worshipper of Elyvilon the Healer
   592 | D:1      | Reached * piety under Elyvilon
   856 | D:1      | Reached skill level 4 in Earth Magic
   883 | D:1      | Reached skill level 1 in Fighting
  1107 | D:1      | Reached XP level 3. HP: 20/20 MP: 2/6
  1405 | D:2      | Reached ** piety under Elyvilon
  1758 | D:2      | Reached XP level 4. HP: 26/26 MP: 4/8
  2899 | D:3      | Found Ykuexzatz's Armour Shoppe.
  2917 | D:3      | Reached XP level 5. HP: 31/31 MP: 9/9
  2984 | D:3      | Found a broken altar of Ashenzari.
  3042 | D:3      | Reached *** piety under Elyvilon
  3254 | D:3      | Found a hazy altar of Hepliaklqana.
  3257 | D:3      | Found a burning altar of Makhleb.
  3477 | D:3      | Reached skill level 5 in Earth Magic
  3589 | D:4      | Noticed a phantom
  3599 | D:4      | Killed a phantom
  3600 | D:4      | Reached XP level 6. HP: 31/37 MP: 3/11
  4202 | D:4      | Reached skill level 6 in Earth Magic
  4204 | D:4      | Reached XP level 7. HP: 39/43 MP: 7/13
  4308 | D:4      | Noticed Grinder
  4313 | D:4      | Killed Grinder
  4495 | D:4      | Reached skill level 5 in Fighting
  4579 | D:4      | Found a runed translucent gate.
  4581 | D:4      | Found a runed translucent gate.
  4625 | D:4      | Learned a level 3 spell: Stone Arrow
  4669 | D:4      | Reached skill level 7 in Earth Magic
  4793 | D:4      | Found a runed translucent gate.
  4794 | D:4      | Found an opulent altar of Gozag.
  4797 | D:4      | Noticed kalagan's ghost (amateur DECj)
  4990 | D:4      | Reached XP level 8. HP: 45/49 MP: 15/15
  5054 | D:4      | Killed kalagan's ghost
  5055 | D:4      | Reached skill level 5 in Spellcasting
  5238 | D:5      | Entered Level 5 of the Dungeon
  5265 | D:5      | Reached **** piety under Elyvilon
  5413 | D:5      | Learned a level 4 spell: Petrify
  5523 | D:5      | Reached skill level 8 in Earth Magic
  5811 | D:5      | Reached XP level 9. HP: 27/56 MP: 14/18
  6641 | D:6      | Found a staircase to the Ecumenical Temple.
  6715 | D:6      | Reached skill level 9 in Earth Magic
  8079 | D:6      | Reached ***** piety under Elyvilon
  8588 | Temple   | Entered the Ecumenical Temple
  8809 | Temple   | Fell from the grace of Elyvilon
  8809 | Temple   | Became a worshipper of the Shining One
  8809 | Temple   | Reached * piety under the Shining One
  8809 | Temple   | Reached ** piety under the Shining One
  8890 | D:7      | Reached skill level 10 in Earth Magic
  9096 | D:7      | Reached XP level 10. HP: 52/65 MP: 15/21
  9178 | D:7      | Noticed Harold
  9201 | D:7      | Killed from afar by Harold

Illustrated notes

Levels and vault maps discovered:
D:1:      amcnicky_arrival_wind_blow, layout_basic,
          ebering_ecumenical_altar_mist, serial_glass, glass_columns_c,
          glass_columns_a, glass_columns_a, glass_columns_a,
          minmay_misc_feat_five, minmay_tripent
D:2:      layout_loops_ring, minmay_hedge_maze
D:3:      layout_basic, minitemple, nicolae_ashenzari_skybound, serial_shops,
          nicolae_shop_advertising_works [nicolae_subvault_shop_adworks],
          minmay_goblin_outpost
D:4:      layout_loops_ring, ebering_ghost_gozag, uniq_grinder
D:5:      kennysheep_steamy, layout_loops_ring, minmay_door_square
D:6:      nicolae_cairo_tiling_very_big, layout_loops_cross,
          hangedman_decor_slide_cut
D:7:      layout_basic, uniq_harold, uniq_menkaure
Temple:   eino_narrow_crystal_temple

Skill      XL: |  1  2  3  4  5  6  7  8  9 |
---------------+----------------------------+-----
Earth Magic    | 4 5 6 7 8 10 | 10.3
Fighting       | 1 2 3 4 5 6 8 |  8.6
Spellcasting   | 3 4 6 7 |  7.6
Dodging        | |  1.6
Stealth        | |  2.3
Transmutations | |  0.9

Action                   |  1- 3 |  4- 6 |  7- 9 | 10-12 || total
-------------------------+-------+-------+-------+-------++-------
Melee: Short sword       |    66 |       |       |       ||    66
       Hand axe          |    15 |    70 |   193 |     6 ||   284
       Punch             |       |     3 |     3 |     1 ||     7
 Cast: Sandblast         |    15 |    51 |    25 |       ||    91
       Stone Arrow       |       |       |    55 |     2 ||    57
       Petrify           |       |       |    11 |     1 ||    12
Invok: Divine Shield     |       |       |     1 |       ||     1
  Use: Scroll            |     2 |     1 |     4 |       ||     7
 Stab: Sleeping          |     2 |     1 |       |       ||     3
       Petrified         |       |       |    27 |       ||    27
Armor: Robe              |    26 |    31 |    31 |       ||    88
       Steam dragon scal |       |       |    65 |     3 ||    68
Dodge: Dodged            |    56 |    65 |   144 |     6 ||   271
